TOP OF THE 1ST |
Colorado (EL) Rockies batting - Pitching for Altoona Curve : RHP Nelson Villalva
|
Pitching: RHP Nelson Villalva
|
|
Batting: RHB Scott Schwartz
|
0-0: Ball 1-0: Ground out 4-3 (Groundball, 4S, EV 69.4 MPH)
|
Batting: SHB Jamie Mims
|
0-0: Ball 1-0: Foul Ball, location: 2F 1-1: Ball 2-1: Ball 3-1: Base on Balls
|
Batting: LHB Paul McClintock
|
0-0: Foul Ball, location: 2F 0-1: Fly out, F7 (Flyball, 7D, EV 89.4 MPH)
|
Batting: LHB Tim Mulholland
|
0-0: Called Strike Jamie Mims is caught stealing 2nd base 2-6
|
Top of the 1st over - 0 runs, 0 hits, 0 errors, 0 left on base; Colorado (EL) 0 - Altoona 0 |
BOTTOM OF THE 1ST |
Altoona Curve batting - Pitching for Colorado (EL) Rockies : RHP Mokichi Furuta
|
Pitching: RHP Mokichi Furuta
|
|
Batting: LHB Joe Hoover
|
0-0: Ground out 1-3 (Groundball, 34S, EV 61.2 MPH)
|
Batting: RHB Jose Almonte
|
0-0: Called Strike 0-1: Called Strike 0-2: SINGLE (Flyball, 9S, EV 88.1 MPH)
|
Batting: LHB Phil DeCamp
|
0-0: Fly out, F8 (Flyball, 78D, EV 93.1 MPH)
|
Batting: LHB Ruben Garza
|
0-0: Foul Ball, location: 2F 0-1: Ball 1-1: Ground out 4-3 (Groundball, 4, EV 89.4 MPH)
|
Bottom of the 1st over - 0 runs, 1 hit, 0 errors, 1 left on base; Colorado (EL) 0 - Altoona 0 |
TOP OF THE 2ND |
Colorado (EL) Rockies batting - Pitching for Altoona Curve : RHP Nelson Villalva
|
Batting: LHB Tim Mulholland
|
0-0: Ball 1-0: Ball 2-0: Foul Ball, location: 2F 2-1: Foul Ball, location: 2F 2-2: Strikes out swinging
|
Batting: LHB Jim Chalk
|
0-0: Reached on error, E4 (Groundball, 4M, EV 88.1 MPH)
|
Batting: RHB Seth Daniel
|
0-0: Ball 1-0: Ball 2-0: Fly out, F8 (Flyball, 8RM, EV 95.6 MPH)
|
Batting: LHB Jay Fenderson
|
0-0: Ball 1-0: Foul Ball, location: 2F 1-1: 2-RUN HOME RUN (Flyball, 9D, EV 98.1 MPH), Distance : 393 ft
|
Batting: SHB Jerry Massey
|
0-0: Ball 1-0: Fly out, F8 (Line Drive, 8LM, EV 87.5 MPH)
|
Top of the 2nd over - 2 runs, 1 hit, 1 error, 0 left on base; Colorado (EL) 2 - Altoona 0 |
BOTTOM OF THE 2ND |
Altoona Curve batting - Pitching for Colorado (EL) Rockies : RHP Mokichi Furuta
|
Batting: RHB John Goynes
|
0-0: Foul Ball, location: 2F 0-1: SINGLE (Groundball, 6D, EV 95.6 MPH)
|
Batting: RHB Terry Sutherland
|
0-0: Foul Ball, location: 2F 0-1: Ball 1-1: Ball 2-1: Foul Ball, location: 2F 2-2: SINGLE (Groundball, 56, EV 83.8 MPH) (infield hit) John Goynes to second
|
Batting: RHB Chris McCoy
|
0-0: Ball 1-0: Foul Ball, location: 2F 1-1: Called Strike 1-2: Foul Ball, location: 2F 1-2: Foul Ball, location: 2F 1-2: Grounds into double play, 5-4-3 (Groundball, 56S, EV 77.5 MPH) John Goynes to third
|
Batting: LHB Brandon Sarni
|
0-0: Ground out 4-3 (Groundball, 4M, EV 83.8 MPH)
|
Bottom of the 2nd over - 0 runs, 2 hits, 0 errors, 1 left on base; Colorado (EL) 2 - Altoona 0 |
TOP OF THE 3RD |
Colorado (EL) Rockies batting - Pitching for Altoona Curve : RHP Nelson Villalva
|
Batting: LHB Justin Long
|
0-0: Ball 1-0: Called Strike 1-1: Swinging Strike 1-2: Foul Ball, location: 2F 1-2: Strikes out swinging
|
Batting: RHB Scott Schwartz
|
0-0: Ball 1-0: Ball 2-0: Ball 3-0: Base on Balls
|
Batting: SHB Jamie Mims
|
0-0: Called Strike 0-1: DOUBLE (Line Drive, 89D, EV 108.8 MPH) Scott Schwartz to third Runner from 3rd tries for Home, throw by RF and OUT! 9-4-2 Jamie Mims to third
|
Batting: LHB Paul McClintock
|
0-0: Foul Ball, location: 2F 0-1: Swinging Strike 0-2: Strikes out swinging
|
Top of the 3rd over - 0 runs, 1 hit, 0 errors, 1 left on base; Colorado (EL) 2 - Altoona 0 |
BOTTOM OF THE 3RD |
Altoona Curve batting - Pitching for Colorado (EL) Rockies : RHP Mokichi Furuta
|
Batting: SHB Curtis Thompson
|
0-0: Ball 1-0: SINGLE (Groundball, 4MD, EV 107.5 MPH)
|
Batting: LHB Joe Hoover
|
0-0: Called Strike 0-1: Ball 1-1: Ball 2-1: Foul Ball, location: 2F 2-2: Grounds into double play, 3-6-1 (Groundball, 3, EV 102.5 MPH)
|
Batting: RHB Jose Almonte
|
0-0: Called Strike 0-1: Ball 1-1: Ball 2-1: Ball 3-1: Base on Balls
|
Batting: LHB Phil DeCamp
|
0-0: Called Strike 0-1: Foul Ball, location: 2F 0-2: Ball 1-2: Ball Jose Almonte is caught stealing 2nd base 2-6
|
Bottom of the 3rd over - 0 runs, 1 hit, 0 errors, 0 left on base; Colorado (EL) 2 - Altoona 0 |
TOP OF THE 4TH |
Colorado (EL) Rockies batting - Pitching for Altoona Curve : RHP Nelson Villalva
|
Batting: LHB Tim Mulholland
|
0-0: Foul Ball, location: 2F 0-1: Ball 1-1: Foul Ball, location: 2F 1-2: Ball 2-2: Ground out 6-3 (Groundball, 6, EV 83.8 MPH)
|
Batting: LHB Jim Chalk
|
0-0: Called Strike 0-1: Ball 1-1: Ball 2-1: Ball 3-1: SINGLE (Groundball, 25, EV 71.2 MPH) (infield hit)
|
Batting: RHB Seth Daniel
|
0-0: Called Strike 0-1: Foul Ball, location: 2F 0-2: Ball 1-2: Ground out 4-3 (Groundball, 34D, EV 103.1 MPH) Jim Chalk to second
|
Batting: LHB Jay Fenderson
|
0-0: Called Strike 0-1: Ball 1-1: Ball 2-1: Ball 3-1: Base on Balls
|
Batting: SHB Jerry Massey
|
0-0: Ball 1-0: Ball 2-0: Called Strike 2-1: Ball 3-1: Fly out, F2 (Popup, 23F, EV 88.8 MPH)
|
Top of the 4th over - 0 runs, 1 hit, 0 errors, 2 left on base; Colorado (EL) 2 - Altoona 0 |
BOTTOM OF THE 4TH |
Altoona Curve batting - Pitching for Colorado (EL) Rockies : RHP Mokichi Furuta
|
Batting: LHB Phil DeCamp
|
0-0: Ball 1-0: Ball 2-0: SINGLE (Groundball, 4M, EV 94.4 MPH)
|
Batting: LHB Ruben Garza
|
0-0: Ball 1-0: Ball Phil DeCamp steals 2nd base 2-0: Swinging Strike 2-1: Swinging Strike 2-2: Strikes out looking
|
Batting: RHB John Goynes
|
0-0: Called Strike 0-1: Foul Ball, location: 2F 0-2: Ground out 6-3 (Groundball, 6, EV 80.0 MPH)
|
Batting: RHB Terry Sutherland
|
0-0: Foul Ball, location: 2F 0-1: Ground out 5-3 (Groundball, 56, EV 110.0 MPH)
|
Bottom of the 4th over - 0 runs, 1 hit, 0 errors, 1 left on base; Colorado (EL) 2 - Altoona 0 |
TOP OF THE 5TH |
Colorado (EL) Rockies batting - Pitching for Altoona Curve : RHP Nelson Villalva
|
Batting: LHB Justin Long
|
0-0: Swinging Strike 0-1: Fly out, F6 (Popup, P, EV 77.5 MPH)
|
Batting: RHB Scott Schwartz
|
0-0: Called Strike 0-1: Called Strike 0-2: Ball 1-2: Strikes out looking
|
Batting: SHB Jamie Mims
|
0-0: Ball 1-0: Called Strike 1-1: Ball 2-1: Ground out 1-3 (Groundball, 13S, EV 71.2 MPH)
|
Top of the 5th over - 0 runs, 0 hits, 0 errors, 0 left on base; Colorado (EL) 2 - Altoona 0 |
BOTTOM OF THE 5TH |
Altoona Curve batting - Pitching for Colorado (EL) Rockies : RHP Mokichi Furuta
|
Batting: RHB Chris McCoy
|
0-0: Ball 1-0: Ground out 6-3 (Groundball, 6, EV 102.5 MPH)
|
Batting: LHB Brandon Sarni
|
0-0: Fly out, F8 (Flyball, 8RM, EV 85.0 MPH)
|
Batting: SHB Curtis Thompson
|
0-0: Called Strike 0-1: Ball 1-1: Swinging Strike 1-2: Ball 2-2: Ball 3-2: Foul Ball, location: 2F 3-2: Foul Ball, location: 2F 3-2: Foul Ball, location: 2F 3-2: Base on Balls
|
Batting: LHB Joe Hoover
|
0-0: Ball 1-0: Called Strike 1-1: Ball 2-1: Foul Ball, location: 2F 2-2: Ball 3-2: Foul Ball, location: 2F 3-2: Base on Balls Curtis Thompson to second
|
Batting: RHB Jose Almonte
|
0-0: Ball 1-0: Ball 2-0: Ball 3-0: Base on Balls Curtis Thompson to third Joe Hoover to second
|
Batting: LHB Phil DeCamp
|
0-0: Called Strike 0-1: Foul Ball, location: 2F 0-2: Fly out, F8 (Flyball, 8LS, EV 78.8 MPH)
|
Bottom of the 5th over - 0 runs, 0 hits, 0 errors, 3 left on base; Colorado (EL) 2 - Altoona 0 |
TOP OF THE 6TH |
Colorado (EL) Rockies batting - Pitching for Altoona Curve : RHP Nelson Villalva
|
Batting: LHB Paul McClintock
|
0-0: DOUBLE (Flyball, 8RXD, EV 105.0 MPH)
|
Batting: LHB Tim Mulholland
|
0-0: Ball 1-0: Called Strike 1-1: Foul Ball, location: 2F 1-2: Strikes out swinging
|
Batting: LHB Jim Chalk
|
0-0: Ball 1-0: SINGLE (Groundball, 3D, EV 104.4 MPH) Paul McClintock to third Runner from 3rd tries for Home, SAFE, throw by RF to home
|
Batting: RHB Seth Daniel
|
0-0: Swinging Strike 0-1: Foul Ball, location: 2F 0-2: Grounds into double play, 4-6-3 (Groundball, 4, EV 97.5 MPH)
|
Top of the 6th over - 1 run, 2 hits, 0 errors, 0 left on base; Colorado (EL) 3 - Altoona 0 |
BOTTOM OF THE 6TH |
Altoona Curve batting - Pitching for Colorado (EL) Rockies : RHP Mokichi Furuta
|
Batting: LHB Ruben Garza
|
0-0: Fly out, F3 (Line Drive, 34, EV 75.6 MPH)
|
Batting: RHB John Goynes
|
0-0: Ball 1-0: Called Strike 1-1: Ball 2-1: Ground out 3-1 (Groundball, 34, EV 84.4 MPH)
|
Batting: RHB Terry Sutherland
|
0-0: Foul Ball, location: 2F 0-1: Ball 1-1: Foul Ball, location: 2F 1-2: Ball 2-2: Strikes out looking
|
Bottom of the 6th over - 0 runs, 0 hits, 0 errors, 0 left on base; Colorado (EL) 3 - Altoona 0 |
TOP OF THE 7TH |
Colorado (EL) Rockies batting - Pitching for Altoona Curve : RHP Nelson Villalva
|
Pitching: RHP Bobby Detmer
|
|
Batting: LHB Jay Fenderson
|
0-0: Ball 1-0: Ball 2-0: Fly out, F8 (Flyball, 8RM, EV 86.9 MPH)
|
Batting: SHB Jerry Massey
|
0-0: Ball 1-0: Called Strike 1-1: Ball 2-1: Swinging Strike 2-2: Strikes out looking
|
Batting: LHB Justin Long
|
0-0: Ball 1-0: Foul Ball, location: 2F 1-1: Foul Ball, location: 2F 1-2: Ball 2-2: Foul Ball, location: 2F 2-2: DOUBLE (Groundball, 3L, EV 101.9 MPH)
|
Batting: RHB Scott Schwartz
|
0-0: Ball 1-0: SINGLE (Line Drive, 5D, EV 102.5 MPH) Justin Long to third Runner from 3rd tries for Home, SAFE, throw by LF to home
|
Batting: SHB Jamie Mims
|
0-0: Ball 1-0: Ground out 4-3 (Groundball, 34, EV 83.1 MPH)
|
Top of the 7th over - 1 run, 2 hits, 0 errors, 1 left on base; Colorado (EL) 4 - Altoona 0 |
BOTTOM OF THE 7TH |
Altoona Curve batting - Pitching for Colorado (EL) Rockies : RHP Mokichi Furuta
|
Batting: RHB Chris McCoy
|
0-0: Ball 1-0: Ball 2-0: DOUBLE (Line Drive, 7LD, EV 105.6 MPH)
|
Batting: LHB Brandon Sarni
|
0-0: Swinging Strike 0-1: Called Strike 0-2: Strikes out swinging
|
Pitching: LHP Cody Bodenhamer
|
|
Batting: SHB Curtis Thompson
|
0-0: Ball 1-0: Ball 2-0: Foul Ball, location: 2F 2-1: Foul Ball, location: 2F 2-2: Ball 3-2: Strikes out swinging
|
Batting: LHB Joe Hoover
|
0-0: Ball Wild Pitch! Chris McCoy to third 1-0: Called Strike 1-1: Ball 2-1: Swinging Strike 2-2: Fly out, F8 (Flyball, 8LXD, EV 104.4 MPH)
|
Bottom of the 7th over - 0 runs, 1 hit, 0 errors, 1 left on base; Colorado (EL) 4 - Altoona 0 |
TOP OF THE 8TH |
Colorado (EL) Rockies batting - Pitching for Altoona Curve : RHP Bobby Detmer
|
Batting: LHB Paul McClintock
|
0-0: Ball 1-0: Ball 2-0: Fly out, F9 (Flyball, 89S, EV 74.4 MPH)
|
Batting: LHB Tim Mulholland
|
0-0: Fly out, F5 (Popup, 56S, EV 74.4 MPH)
|
Batting: LHB Jim Chalk
|
0-0: Foul Ball, location: 2F 0-1: Foul Ball, location: 2F 0-2: Ball 1-2: Fly out, F1 (Line Drive, P, EV 70.6 MPH)
|
Top of the 8th over - 0 runs, 0 hits, 0 errors, 0 left on base; Colorado (EL) 4 - Altoona 0 |
BOTTOM OF THE 8TH |
Altoona Curve batting - Pitching for Colorado (EL) Rockies : LHP Cody Bodenhamer
|
Batting: RHB Jose Almonte
|
0-0: Ball 1-0: Ground out 4-3 (Groundball, 4S, EV 68.1 MPH)
|
Batting: LHB Phil DeCamp
|
0-0: Called Strike 0-1: Ball 1-1: Fly out, F9 (Flyball, 9D, EV 100.6 MPH)
|
Batting: LHB Ruben Garza
|
0-0: Called Strike 0-1: Ball 1-1: Ball 2-1: Foul Ball, location: 2F 2-2: Strikes out looking
|
Bottom of the 8th over - 0 runs, 0 hits, 0 errors, 0 left on base; Colorado (EL) 4 - Altoona 0 |
TOP OF THE 9TH |
Colorado (EL) Rockies batting - Pitching for Altoona Curve : RHP Bobby Detmer
|
Pitching: RHP Doug Rawson
|
|
Batting: RHB Seth Daniel
|
0-0: Ball 1-0: Ground out 1-4-3 (Groundball, 15S, EV 96.2 MPH)
|
Batting: LHB Jay Fenderson
|
0-0: Ball 1-0: Fly out, F9 (Flyball, 89XD, EV 110.0 MPH)
|
Batting: SHB Jerry Massey
|
0-0: Swinging Strike 0-1: Swinging Strike 0-2: Ball 1-2: Ball 2-2: Ground out 6-3 (Groundball, 4MS, EV 71.9 MPH)
|
Top of the 9th over - 0 runs, 0 hits, 0 errors, 0 left on base; Colorado (EL) 4 - Altoona 0 |
BOTTOM OF THE 9TH |
Altoona Curve batting - Pitching for Colorado (EL) Rockies : LHP Cody Bodenhamer
|
Pitching: RHP Sipi Kilpinen
|
|
Batting: RHB John Goynes
|
0-0: Ball 1-0: Ball 2-0: Ball 3-0: Called Strike 3-1: Base on Balls
|
Batting: RHB Terry Sutherland
|
0-0: Called Strike 0-1: Ball 1-1: Called Strike 1-2: Grounds into double play, 6-4-3 (Groundball, 6, EV 111.2 MPH)
|
Batting: RHB Chris McCoy
|
0-0: Ball 1-0: Called Strike 1-1: Foul Ball, location: 2F 1-2: Fly out, F4 (Popup, 34S, EV 76.9 MPH)
|
Bottom of the 9th over - 0 runs, 0 hits, 0 errors, 0 left on base; Colorado (EL) 4 - Altoona 0 |
|